 Dungeon Crawl Stone Soup version 0.30-a0-760-g5a9884bb7c (webtiles) character file.

Game seed: 7422067247073697458

21 sircluck the Vexing (level 2, -1/23 HPs)
             Began as a Gnoll Hexslinger on Feb 10, 2023.
             Slain by a gnoll
             ... wielding a +0 spear
              (4 damage)
             ... on level 3 of the Dungeon.
             The game lasted 00:01:33 (410 turns).

sircluck the Vexing (Gnoll Hexslinger)               Turns: 410, Time: 00:01:34

Health: -1/23      AC:  4    Str:  9    XL:     2   Next: 83%
Magic:  5/5        EV: 13    Int: 12    God:
Gold:   31         SH:  0    Dex: 12    Spells: 5/6 levels left

rFire   . . .      SeeInvis .    a - +1 sling
rCold   . . .      Faith    .    (no shield)
rNeg    . . .      Spirit   .    c - +0 robe
rPois   .          Reflect  .    (no helmet)
rElec   .          Harm     .    (no cloak)
rCorr   .          Rampage  .    (no gloves)
Will    .....                    g - +1 pair of boots
Stlth   +                        (no amulet)
HPRegen 0.23/turn                (no ring)
MPRegen 0.09/turn                (no ring)

@: no status effects
A: fangs 1, strong nose, distributed training
a: no special abilities


You were on level 3 of the Dungeon.
You visited 1 branch of the dungeon, and saw 3 of its levels.

You collected 31 gold pieces.

Inventory:

Hand Weapons
 a - a +1 sling (weapon)
Armour
 c - a +0 robe (worn)
 g - a +1 pair of boots (worn)
Scrolls
 b - a scroll of poison
 d - a scroll of fog {unknown}
 e - a scroll of magic mapping {unknown}
Potions
 f - 2 potions of curing {unknown}
 h - 3 potions of attraction {unknown}


   Skills:
 + Level 2.5 Fighting
 + Level 0.5 Short Blades
 + Level 0.5 Long Blades
 + Level 0.5 Axes
 + Level 0.5 Maces & Flails
 + Level 0.5 Polearms
 + Level 0.5 Staves
 + Level 4.5 Ranged Weapons
 + Level 0.5 Throwing
 + Level 0.5 Armour
 + Level 4.5 Dodging
 + Level 0.5 Stealth
 + Level 0.5 Shields
 + Level 0.5 Unarmed Combat
 + Level 2.7 Spellcasting
 + Level 0.4 Conjurations
 + Level 5.4 Hexes
 + Level 0.4 Summonings
 + Level 0.4 Necromancy
 + Level 0.4 Translocations
 + Level 0.4 Transmutations
 + Level 0.4 Fire Magic
 + Level 0.4 Ice Magic
 + Level 0.4 Air Magic
 + Level 0.4 Earth Magic
 + Level 0.4 Poison Magic
 + Level 0.7 Invocations
 + Level 0.5 Evocations


You had 5 spell levels left.
You knew the following spells:

 Your Spells              Type           Power      Damage    Failure   Level
a - Slow                  Hex            56%        N/A       2%          1

Your spell library contained the following spells:

 Spells                   Type           Power      Damage    Failure   Level
 Inner Flame              Hex/Fire       8%         N/A       22%         3
 Portal Projectile        Hex/Tloc       16%        N/A       22%         3
 Cause Fear               Hex            7%         N/A       26%         4


Dungeon Overview and Level Annotations

Branches:
Dungeon (3/15)

Altars:
Elyvilon

Annotations:
D:2 Terence


Innate Abilities, Weirdness & Mutations

You have very sharp teeth.
Your uncanny sense of smell can sniff out nearby items.
Your experience applies equally to all skills.


Message History

The orc is lightly wounded.
You shoot a sling bullet.
The sling bullet barely misses the orc. x2
The sling bullet closely misses the orc priest.
The orc attacks as you move away! The orc misses you.
Found 12 gold pieces.
The orc attacks as you move away! The orc barely misses you.
The orc attacks as you move away! The orc hits you with a +0 hand axe.
The orc attacks as you move away! The orc hits you with a +0 hand axe.
The orc attacks as you move away! The orc hits you but does no damage.
The orc attacks as you move away! The orc hits you with a +0 hand axe.
The orc attacks as you move away! The orc barely misses you.
The orc priest mumbles some strange prayers to Beogh against you.
Beogh smites you!
Ouch! That really hurt!
* * * LOW HITPOINT WARNING * * *
A gnoll comes into view. It is wielding a +0 spear.
Found a knobbly gilded ring.
The gnoll shouts!
You hear a shout! x2
You shoot a sling bullet. The sling bullet hits the orc.
The orc is moderately wounded.
A gnoll comes into view. It is wielding a +0 flail.
The orc closely misses you.
The gnoll hits you from afar with a +0 spear.
* * * LOW HITPOINT WARNING * * *
Really read the scroll of poison?
Okay, then.
There are monsters nearby!
Read: 2 scrolls of poison
Press: ? - help, Q - select action, (/) - cycle Dir - look around, f - activate You can't see that place.
The air fills with toxic fumes!
As you read the scroll of poison, it crumbles to dust.
The orc priest miscasts a cantrip.
The orc misses you. The gnoll completely misses you.
The gnoll closely misses you. The orc closely misses you.
You shoot a sling bullet. The sling bullet hits the orc.
The orc is heavily wounded.
The orc hits you but does no damage.
The gnoll hits you from afar with a +0 spear.
You die...

∆ # .. ..# .§§§ ∆
#.####.§§§§
#.#@§g§§§§§
#.#o##§§§§#
######+#### ##.#o#
§§# ..........#
#..§§# ..#
#####.....# #..§J#
...# #.....#
#.§§o##....#
#.....###.§§§§.....#
#........§§§.#######
#...)#######.J......


You could see an orc priest, a gnoll, 2 orcs and an endoplasm.

Vanquished Creatures
  A dart slug (D:1)
  2 orcs (D:3)
  2 ball pythons (D:1)
  An endoplasm (D:1)
  A giant cockroach (D:1)
  3 hobgoblins
  A quokka (D:1)
  A bat (D:1)
  A frilled lizard (D:1)
  A goblin (D:3)
  A rat (D:2)
15 creatures vanquished.

Notes
Turn   | Place    | Note
-------+----------+-------------------------------------------
     0 | D:1      | sircluck the Gnoll Hexslinger began the quest for the Orb.
     0 | D:1      | Reached XP level 1. HP: 17/17 MP: 4/4
    32 | D:2      | Noticed Terence
   147 | D:1      | Reached XP level 2. HP: 23/23 MP: 5/5
   356 | D:3      | Found a white marble altar of Elyvilon.
   410 | D:3      | Slain by a gnoll

Illustrated notes

Levels and vault maps discovered:
D:1:      amcnicky_arrival_choice, layout_rooms,
          shapermc_ecumenical_altar_notcrosses
D:2:      layout_basic, uniq_terence
D:3:      layout_basic, amcnicky_altar_gilded

Action                     || total
---------------------------++-------
   Fire: Sling             ||    50
    Use: Scroll            ||     1
 Armour: Robe              ||     5
  Dodge: Dodged            ||    31

Table legend: (Time is in decaauts)
 A = Elapsed time spent in this place.
 B = Non-inter-level travel time spent in this place.
 C = Inter-level travel time spent in this place.
 D = Time resting spent in this place.
 E = Time spent auto-exploring this place.
 F = Levels seen in this place.
 G = Mean time per level.
                   A        B        C        D        E       F      G
               +--------+--------+--------+--------+--------+-----+--------+
         Total |    418 |    411 |      7 |      0 |    195 |   3 |  139.3 |
       Dungeon |    418 |    411 |      7 |      0 |    195 |   3 |  139.3 |
               +--------+--------+--------+--------+--------+-----+--------+

Top non-repeatable levels by time:
     D:1: 280 daAuts
     D:3: 70 daAuts
     D:2: 67 daAuts
